[Event "*** Titled Tuesday Blitz"]
[Site "Chess.com"]
[Date "2020.10.27"]
[Round "2"]
[White "Samantha_Ross"]
[Black "Mikhail_Golubev"]
[Result "1/2-1/2"]
[WhiteElo "2312"]
[BlackElo "2531"]
[TimeControl "180+1"]
[EndTime "10:19:15 PDT"]
[Termination "Game drawn - insufficient material"]

1. c4 g6 2. Nf3 Bg7 3. g3 e5 4. Bg2 Nc6 5. d3 d6 6. O-O h6 7.
Nc3 f5 8. Rb1 a5 9. a3 g5 10. e3 Nf6 11. b4 axb4 12. axb4 O-O 13. b5 Ne7 14. Bb2 Kh7 15. Ra1 Rb8 16. Nd2 Ng6 17.
Nd5 Nxd5 18. cxd5 b6 19. Qc2 Rf7 20. Ra7 h5 21. Rc1 Bb7 22. d4 e4 23. f3 exf3 24. Bxf3 g4 25. Bg2 Qg5 26. Re1 h4 27. e4 hxg3 28. hxg3 f4 29. gxf4 Qxf4 30. Nf1 g3 31. Re3 Qf2+ 32. Qxf2 gxf2+ 33. Kh1 Nf4 34. Rf3 Rh8 35.
Rxf2 Kg6+ 36. Kg1 Bc8 37. Bc1 Nh3+ 38. Bxh3 Rxf2 39. Bf5+ Bxf5 40. Kxf2 Bxe4 41. Rxc7 Bxd5 42. Be3 Rf8+ 43. Ke1 Be4 44. Rd7 d5 45. Rd6+ Kh7 46.
Rxb6 Bd3 47. Bf2 Re8+ 48. Kd2 Re2+ 49. Kxd3 Rxf2 50. Rd6 Rxf1 51. Rxd5 Rd1+ 52. Kc4 Rc1+ 53. Kb4 Rb1+ 54. Ka5 Ra1+ 55. Kb6 Rd1 56. Kb7 Rxd4 57. Rxd4 Bxd4 58. b6 Bxb6 1/2-1/2

[Event "*** Titled Tuesday Blitz"]
[Site "Chess.com"]
[Date "2020.10.27"]
[Round "2"]
[White "SilviusTiberius"]
[Black "swimmerchess"]
[Result "0-1"]
[WhiteElo "2531"]
[BlackElo "2809"]
[TimeControl "180+1"]
[EndTime "10:19:16 PDT"]
[Termination "swimmerchess won by resignation"]

1. e4 c5 2. Nf3 Nc6 3. d4 cxd4 4. Nxd4 Nf6 5. Nc3 d6 6. Bg5 e6 7. Qd2 a6 8. O-O-O Bd7 9. f3 b5 10. h4 h6 11. Be3 h5 12. Kb1 Ne5 13. a3 Rb8 14.
Bg5 Qc7 15. f4 Neg4 16. f5 b4 17. axb4 Rxb4 18. fxe6 fxe6 19. Nd5 Nxd5 20. exd5 Qb6 21. c3 Rxd4 22. cxd4 Nf6 23. Bd3 Be7 24. Bg6+ Kd8 25. dxe6 Bxe6 26. Rhe1 Bg4 27. Qe3 Nd5 28. Bxe7+ Kd7 29.
Qd2 Bxd1 30. Bf5+ Kc7 31. Rxd1 Nxe7 32. Qg5 Nxf5 33. Qxf5 Kb8 34. Qg6 Rc8 35. Qxg7 Qb3 36. Rd2 Qe3 37. Qg5 Qe1+ 38. Ka2 Qe6+ 39. Kb1 Rf8 40. Qa5 Rf1+ 41. Kc2 Qc4+ 42. Qc3 Qb5 43. Qd3 Qc6+ 44. Qc3 Qe4+ 45. Qd3 Qc6+ 46. Qc3 Qb5 47. Qd3 Qa4+ 48. Qb3+ Qxb3+ 49. Kxb3 Rf4 50. Kc4 Rxh4 51.
Kd5 Kc7 52. Rf2 Rg4 53. Rf7+ Kb6 54. Kxd6 Re4 55. d5 Re2 56. Rf5 Rxg2 57. Rxh5 Rxb2 58. Ke7 Rd2 59. d6 Kc6 60. Rh6 a5 61. d7+ Kc7 62.
Rh5 Rxd7+ 63. Ke8 Rd8+ 64. Ke7 Ra8 65. Rc5+ Kb6 66. Kd6 Rd8+ 67. Ke7 Kxc5 68. Kxd8 a4 0-1

[Event "*** Titled Tuesday Blitz"]
[Site "Chess.com"]
[Date "2020.10.27"]
[Round "2"]
[White "arminmusovic"]
[Black "Genghis_K"]
[Result "0-1"]
[WhiteElo "2586"]
[BlackElo "2905"]
[TimeControl "180+1"]
[EndTime "10:19:19 PDT"]
[Termination "Genghis_K won by resignation"]

1. e4 c5 2. c3 Nf6 3. e5 Nd5 4. d4 cxd4 5. Nf3 d6 6. exd6 Qxd6 7. Bc4 Nc6 8. O-O Bg4 9. h3 Bh5 10. cxd4 e6 11. Bxd5 exd5 12. Nc3 Be7 13. Be3 O-O 14.
Rc1 Rad8 15. Re1 Bf6 16. g4 Bg6 17. Qd2 Rfe8 18. Bf4 Qd7 19. Nb5 Be4 20. Nd6 Bxf3 21. Rxe8+ Rxe8 22. Nxe8 Qxe8 23. Qe3 Qxe3 24. fxe3 h6 25.
b4 a6 26. a3 Be4 27. Kf2 Kh7 28. Kg3 Be7 29. Kf2 g5 30. Bc7 Kg6 31. Kg3 f5 32.
Rf1 h5 33. Rf2 Na7 34. Be5 Nb5 35. a4 Nc3 36. b5 Bd3 37. gxf5+ Bxf5 38. Kg2 Be4+ 39.
Kh2 axb5 40. axb5 Nxb5 41. Ra2 Nc3 42. Ra7 g4 43. Rxb7 Bh4 44. Rb6+ Kf5 45. Bg3 Bxg3+ 46. Kxg3 gxh3 47. Kxh3 Nd1 48. Kh4 Nxe3 49. Kxh5 Nc2 50. Kh4 Kf4 51. Rf6+ Ke3 52. Kg3 Nxd4 53. Rf8 Ne2+ 54.
Kh4 d4 55. Rd8 d3 56. Rxd3+ Bxd3 57. Kg5 Ke4 58. Kf6 Nd4 59. Kg5 Ke5 60. Kg4 Bf5+ 61. Kg3 Ke4 62. Kf2 Kf4 63. Ke1 Ke3 64. Kd1 Ne2 65. Ke1 Bc2 66. Kf1 Nf4 67. Kg1 Kf3 68. Kh2 Kf2 69. Kh1 Kg3 70. Kg1 Bd3 0-1

[Event "*** Titled Tuesday Blitz"]
[Site "Chess.com"]
[Date "2020.10.27"]
[Round "2"]
[White "PotapovaM"]
[Black "Bastiandash"]
[Result "0-1"]
[WhiteElo "2580"]
[BlackElo "2336"]
[TimeControl "180+1"]
[EndTime "10:19:19 PDT"]
[Termination "Bastiandash won by checkmate"]

1. d4 Nf6 2. c4 e6 3. Nf3 Bb4+ 4. Nbd2 O-O 5. a3 Be7 6. e4 d6 7. Bd3 e5 8. O-O exd4 9. Nxd4 Nc6 10. Nxc6 bxc6 11.
Nf3 Bg4 12. h3 Bxf3 13. Qxf3 Nd7 14. Qg3 Bh4 15. Qe3 Bf6 16. Rb1 a5 17. f4 a4 18.
Kh1 c5 19. Bc2 Qe7 20. Bd2 Nb6 21. Qe2 Rfe8 22. Rfe1 Qe6 23. Bd3 Bd4 24. Bc3 Nd7 25. Qh5 g6 26. Qf3 Rab8 27. Qd1 Ra8 28. Bf1 Qf6 29.
Qc2 Nb6 30. Qd2 Re7 31. Rbd1 Bxc3 32. bxc3 Rae8 33. Bd3 Qe6 34. Qc2 Nxc4 35. Qxa4 Nb2 36. Qc6 Nxd1 37. Rxd1 Qb3 38. Rf1 Qxc3 39. Qb5 c4 40. Bxc4 Rxe4 41. Bd5 R4e7 42. Kh2 Qc5 43. Qd3 Re3 44. Qd2 Qc3 45. Qd1 Rd3 46. Qb3 Qxb3 47. Bxb3 Rxb3 48. Rc1 c5 49. Rd1 Rxa3 50. Rxd6 Rc8 51.
Rd2 c4 52. Rc2 c3 53. f5 Rb3 54. f6 Rb2 55. Rc1 c2 56. Re1 h6 57. Re7 c1=Q 58.
h4 Qf4+ 59. Kh3 Rc3+ 60. g3 Qxg3# 0-1

[Event "*** Titled Tuesday Blitz"]
[Site "Chess.com"]
[Date "2020.10.27"]
[Round "2"]
[White "Dii210"]
[Black "Ali_rastbod"]
[Result "0-1"]
[WhiteElo "2109"]
[BlackElo "2602"]
[TimeControl "180+1"]
[EndTime "10:19:21 PDT"]
[Termination "Ali_rastbod won by resignation"]

1. d4 g6 2. Nf3 Bg7 3. g3 b6 4. Bg2 Bb7 5. O-O Nf6 6. c4 O-O 7. Nc3 Ne4 8. Qc2 Nxc3 9. Qxc3 Be4 10. Qe3 d5 11. Bd2 Re8 12. Bc3 Nc6 13. Rad1 a5 14. h3 e6 15. Kh2 h6 16. b3 a4 17. b4 Ne7 18. Ba1 Nf5 19. Qc1 Nd6 20. c5 Nc4 21. Nd2 Bxg2 22. Kxg2 b5 23. Nxc4 bxc4 24. a3 c6 25. Bc3 e5 26. e3 e4 27. Qd2 f5 28.
Qe2 Qd7 29. Rb1 g5 30. Rb2 Rab8 31. Rfb1 Rb5 32. Qd1 Ra8 33. Qh5 f4 34. gxf4 gxf4 35. Kh2 Kh7 36. Rg1 Qe6 37. exf4 Rf8 38. Rg4 Rb7 39.
Rb1 Rf5 40. Qh4 e3 41. f3 e2 42. Rbg1 Qe3 43. Qg3 Rff7 44. Be1 Qxd4 45. f5 Qe5 46. f4 Qxf5 47. Bd2 d4 48. Rg6 c3 49. Bc1 d3 50. Rxh6+ Kxh6 51. Qh4+ Qh5 52. f5+ d2 53.
Rg6+ Kh7 54. Qxh5+ Kg8 55. Re6 e1=Q 56. Rg6 Qf2+ 57.
Rg2 Qf4+ 58. Rg3 Qxg3+ 59. Kxg3 dxc1=Q 60. f6 Qe3+ 61. Kh2 Qf2+ 62. Kh1 Qxf6 63. Qxf7+ Qxf7 0-1

[Event "*** Titled Tuesday Blitz"]
[Site "Chess.com"]
[Date "2020.10.27"]
[Round "2"]
[White "Blitzstream"]
[Black "kingofthenil"]
[Result "1-0"]
[WhiteElo "2725"]
[BlackElo "2454"]
[TimeControl "180+1"]
[EndTime "10:19:22 PDT"]
[Termination "Blitzstream won on time"]

1. d4 Nf6 2. Bg5 d5 3. e3 c5 4.
c3 Nc6 5. Nf3 cxd4 6. exd4 h6 7.
Bxf6 gxf6 8. g3 e6 9. Bg2 f5 10.
O-O Bd6 11. Re1 O-O 12. Ne5 Qf6 13. f4 Qg7 14. Nd2 Nxe5 15. fxe5 Be7 16. Nb3 Bd7 17. Nc1 Kh8 18. Nd3 Bg5 19. Qf3 Ba4 20. Nf4 Bc2 21. Qf2 Be4 22. Bxe4 fxe4 23. Rf1 Rae8 24. Nh5 Qg6 25.
Nf6 Bxf6 26. Qxf6+ Kh7 27. Rf2 e3 28. Qxg6+ fxg6 29. Re2 Rf3 30. Rf1 Ref8 31. Rxf3 Rxf3 32. Kg2 Rf7 33. Rxe3 Kg7 34. Rf3 Rc7 35. Kf2 b5 36. Ke2 b4 37. Kd2 bxc3+ 38. bxc3 Rc6 39. Kc2 Ra6 40. Kb2 Rb6+ 41. Kc1 Ra6 42. Rf2 Ra3 43. Kb2 Ra6 44. Kb3 Rb6+ 45. Kc2 Ra6 46. Kd3 Ra3 47. Rb2 g5 48. g4 Kg6 49. h3 h5 50. Rf2 hxg4 51.
hxg4 Kg7 52. Rf6 Ra6 53. Rf2 Ra3 54. Rb2 Kg6 55. Kc2 Ra6 56. Kb1 Rc6 57. Rc2 Rb6+ 58. Ka1 Rc6 59. a3 Rb6 60. Ka2 Rc6 61. a4 Rc4 62. Kb3 Rc7 63. Rf2 Rb7+ 64. Ka3 Rc7 65. Rf6+ Kg7 66. Kb4 Rc6 67. a5 a6 68. Rf2 Rc7 69.
Rb2 Rb7+ 70. Ka3 Rc7 71. Kb3 Rf7 72. Rg2 Rb7+ 73. Ka3 Rc7 74. Kb4 Rb7+ 75. Kc5 Rc7+ 76. Kd6 Rxc3 77. Kxe6 Ra3 78. Kxd5 Rxa5+ 79. Ke6 1-0

[Event "*** Titled Tuesday Blitz"]
[Site "Chess.com"]
[Date "2020.10.27"]
[Round "2"]
[White "alexrustemov"]
[Black "ChelsieMonica"]
[Result "1-0"]
[WhiteElo "2655"]
[BlackElo "2343"]
[TimeControl "180+1"]
[EndTime "10:19:27 PDT"]
[Termination "alexrustemov won by resignation"]

1. d4 f5 2. g3 e6 3. Bg2 Nf6 4. Nf3 Be7 5. O-O O-O 6. c4 d5 7.
Nc3 c6 8. Bf4 Bd7 9. Ne5 Be8 10.
Qb3 Qb6 11. c5 Qxb3 12. axb3 Nbd7 13. b4 Nxe5 14. Bxe5 Bd7 15. e3 a6 16. f3 Rf7 17.
Rae1 Rff8 18. h3 a5 19. bxa5 Rxa5 20. g4 Rfa8 21. Re2 h5 22. g5 Ne8 23. h4 Bd8 24. Rc2 Ra1 25. Rcc1 R1a7 26. Kf2 Ba5 27. Kg3 Bc7 28. Kf4 Bxe5+ 29. Kxe5 g6 30. Rc2 Ra1 31.
Rfc1 Kf7 32. Bf1 Ke7 33. Bd3 Nc7 34. Ne2 R1a4 35. Nf4 Be8 36. Rc3 Bf7 37. Rb3 R8a7 38. Rcc3 Ra1 39. Ra3 R1xa3 40. bxa3 Ra8 41. Rb3 Ra7 42. e4 Na8 43. a4 Nc7 44. a5 Na8 45. exf5 exf5 46. Bxf5 gxf5 47. Kxf5 Nc7 48. g6 Be6+ 49.
Kg5 Bg8 50. Re3+ Kf8 51. Nxh5 Ne6+ 52. Kf6 Rxa5 53. g7+ Nxg7 54. Nxg7 Bf7 55. Re7 Ra3 56. Rxf7+ Kg8 57. Rxb7 Rxf3+ 58. Kg6 Rg3+ 59. Kh6 Rg4 60. h5 Rxd4 61. Ne6 Rg4 62. Rg7+ Rxg7 63. Nxg7 d4 64. Nf5 d3 65. Kg6 d2 66. Ne3 Kh8 67. Nd1 Kg8 68.
Kf6 Kh7 69. Ke6 Kh6 70. Kd6 Kxh5 71. Kxc6 Kg4 72. Kd5 Kf3 73. c6 Ke2 74. Nb2 1-0

[Event "*** Titled Tuesday Blitz"]
[Site "Chess.com"]
[Date "2020.10.27"]
[Round "2"]
[White "MF1966Idrisov"]
[Black "Meri-Arabidze"]
[Result "0-1"]
[WhiteElo "2340"]
[BlackElo "2681"]
[TimeControl "180+1"]
[EndTime "10:19:29 PDT"]
[Termination "Meri-Arabidze won on time"]

1. Nf3 d5 2. b3 c5 3. Bb2 Nc6 4. e3 a6 5. d4 Nf6 6. Bd3 Bg4 7.
O-O e6 8. Nbd2 cxd4 9. exd4 Bd6 10. a3 O-O 11. Qe1 Bxf3 12. Nxf3 Qc7 13. Ne5 Bxe5 14. dxe5 Ng4 15. f4 Qe7 16. Qg3 Nh6 17. Qh3 Qc5+ 18.
Kh1 Rac8 19. g4 d4 20. g5 Nf5 21. Bxf5 exf5 22. Qxf5 Ne7 23. Qd3 Qxc2 24. Qxc2 Rxc2 25. Bxd4 Nf5 26. Bg1 Rfc8 27. Rfd1 g6 28. b4 h5 29. gxh6 Nxh6 30. a4 R8c4 31. b5 Rxf4 32. bxa6 bxa6 33. Rd6 Nf5 34. Rxa6 Rh4 35. Ra3 Rg4 36.
Ra1 Rh4 37. Ra3 Rc1 38. h3 Re4 39. Rf6 Ree1 40. a5 Rxg1+ 41. Kh2 Rh1+ 42. Kg2 Rcg1+ 43.
Kf2 Rf1+ 44. Kg2 Nh4+ 45. Kg3 Nf5+ 46. Kg2 Rhg1+ 47. Kh2 Ra1 48. Rxa1 Rxa1 49. a6 Kg7 50. Rb6 Nd4 51. Kg3 Ra3+ 52. Kf2 Ne6 53. h4 Nd4 54. Kg2 Nf5 55. h5 gxh5 56. e6 fxe6 57.
Rxe6 h4 58. Kh2 Kf7 59. Rb6 Kg7 60. Rb7+ Kg6 61. a7 Kg5 62. Rc7 Ra2+ 63. Kh3 Ra3+ 64.
Kh2 Nh6 65. Rc5+ Nf5 66. Rc4 Ne3 67. Rc5+ Kg4 68. Rc7 Ra2+ 69. Kh1 h3 70. Rg7+ Kh4 71. Rh7+ Kg3 0-1

[Event "*** Titled Tuesday Blitz"]
[Site "Chess.com"]
[Date "2020.10.27"]
[Round "2"]
[White "eCztery"]
[Black "Sanyura"]
[Result "0-1"]
[WhiteElo "2278"]
[BlackElo "2489"]
[TimeControl "180+1"]
[EndTime "10:19:29 PDT"]
[Termination "Sanyura won by checkmate"]

1. e4 Nc6 2. d4 e5 3. Nf3 exd4 4. Bc4 Nf6 5. O-O d6 6. Nxd4 Be7 7. Nc3 O-O 8. Re1 Bd7 9. h3 a6 10. Bg5 h6 11. Bh4 Nxd4 12. Qxd4 b5 13. Bd3 c5 14. Qe3 Bc6 15. e5 dxe5 16. Qxe5 c4 17. Qxe7 Qxe7 18. Rxe7 cxd3 19. Bxf6 gxf6 20. cxd3 Rfd8 21. Rc7 Rd6 22. Re1 Re8 23. Rxe8+ Bxe8 24. Ne4 Re6 25. Rc8 Kf8 26.
g4 Ke7 27. f4 b4 28. Kf2 Bb5 29. Ke3 h5 30. f5 Re5 31. Rc7+ Kf8 32. gxh5 Rxf5 33.
h6 Kg8 34. Nd6 Re5+ 35. Kf4 Bxd3 36. Nxf7 Rf5+ 37. Kg4 Rd5 38. h7+ Kxh7 39. Ne5+ Kh6 40. Nf7+ Kg6 41. h4 Bf5+ 42. Kf4 Rd4+ 43. Kg3 Rg4+ 44.
Kf3 Rxh4 45. Nd6 Be6 46. Rc6 Bd5+ 47. Kg3 Bxc6 48. Kxh4 Bd5 49. Kg3 Bxa2 50. Kf4 a5 51. Nb7 a4 52. Nc5 a3 53. bxa3 bxa3 54. Nb7 Bc4 55.
Na5 a2 56. Nxc4 a1=Q 57. Ne3 Qd4+ 58. Kf3 Qd3 59. Kf4 Kf7 60. Nf5 Ke6 61. Ng7+ Kd5 62. Nf5 Qe4+ 63. Kg3 Qxf5 64. Kh4 Qf1 65. Kg4 Ke4 66.
Kh4 f5 67. Kg3 f4+ 68. Kh2 Qe2+ 69. Kg1 Kf3 70. Kh1 Qg2# 0-1

[Event "*** Titled Tuesday Blitz"]
[Site "Chess.com"]
[Date "2020.10.27"]
[Round "2"]
[White "TengisChess"]
[Black "RaunakSadhwani2005"]
[Result "0-1"]
[WhiteElo "2607"]
[BlackElo "2955"]
[TimeControl "180+1"]
[EndTime "10:19:30 PDT"]
[Termination "RaunakSadhwani2005 won by checkmate"]

1. e4 c6 2. d4 d5 3. exd5 cxd5 4.
c4 Nf6 5. Nc3 Nc6 6. Nf3 e6 7.
Bg5 Be7 8. cxd5 Nxd5 9. Bxe7 Ncxe7 10. Bd3 O-O 11. O-O b6 12. Ne5 Bb7 13. Qg4 Rc8 14.
Rac1 Ng6 15. Bxg6 hxg6 16. Nxd5 Qxd5 17. b3 Rfd8 18. h3 a6 19. Rfd1 b5 20. Kh2 Qe4 21. Qxe4 Bxe4 22. f3 Bd5 23. Kg3 g5 24. Kf2 f6 25. Nd3 Kf7 26. Rc5 Rxc5 27. Nxc5 a5 28. Rc1 Ra8 29. Ke3 Ke7 30. Kd3 Rc8 31. Ke3 Rc7 32. Kd3 Kd6 33. Ke3 f5 34. Rc3 b4 35.
Rc2 Ra7 36. Na4 Rc7 37. Rxc7 Kxc7 38. g3 Kc6 39. f4 gxf4+ 40. Kxf4 Kd6 41. Nb2 Be4 42.
Ke3 Bb1 43. Nc4+ Kd5 44. Nxa5 Bxa2 45. h4 g6 46. Kd3 Bb1+ 47. Ke3 Bc2 48. Kd2 Bb1 49. Ke3 Bc2 50. Kd2 Be4 51. Ke3 Bb1 52. Nc4 Bc2 53. Nd2 Kd6 54. Ke2 Kc6 55. Ke3 Kd5 56. Ke2 Kxd4 57. Ke1 Kc3 58. Ke2 Bxb3 59. Ke3 Bc4 60. Nb1+ Kc2 61. Nd2 Bd5 62. Nf1 b3 63. Kd4 b2 64. Ne3+ Kc1 65. Ke5 b1=Q 66. Kf6 Qb2+ 67.
Kg5 Be4 68. Kf4 Qf2+ 69. Kg5 Qxe3+ 70. Kf6 Qxg3 71. h5 gxh5 72. Kxe6 h4 73. Kf6 h3 74.
Kf7 h2 75. Kf6 h1=Q 76. Ke6 Qh6+ 77. Ke7 Qgd6+ 78. Kf7 Qhf8# 0-1

[Event "*** Titled Tuesday Blitz"]
[Site "Chess.com"]
[Date "2020.10.27"]
[Round "2"]
[White "shineatchess"]
[Black "Omk124"]
[Result "0-1"]
[WhiteElo "2171"]
[BlackElo "2432"]
[TimeControl "180+1"]
[EndTime "10:19:31 PDT"]
[Termination "Omk124 won on time"]

1. Nf3 Nf6 2. g3 g6 3. b3 Bg7 4.
Bb2 O-O 5. Bg2 d5 6. O-O c5 7. c4 Nc6 8. d3 d4 9. e3 e5 10. exd4 cxd4 11. Re1 Nd7 12. Nbd2 a5 13. Ba3 Re8 14.
Ne4 Nb4 15. Nd6 Re6 16. Nxc8 Rxc8 17. Qd2 Bf8 18. Bh3 f5 19. Nxd4 Rd6 20. Bxb4 Rxd4 21. Bxa5 b6 22. Bc3 Bc5 23. Bxd4 Bxd4 24. Rad1 Nc5 25.
b4 Na4 26. Rc1 Nb2 27. Rc2 Nxd3 28. Rf1 e4 29. a3 Qd6 30. Qg5 Kg7 31. Kg2 h6 32. Qd2 Nxf2 33. Rxf2 e3 34. Qe2 exf2 35. Rc1 Qc6+ 36. Qf3 Qxf3+ 37. Kxf3 Re8 38. Bf1 Re3+ 39.
Kg2 Rxa3 40. c5 bxc5 41. bxc5 Ra7 42. c6 Rc7 43. Rc2 Kf6 44. Bb5 Bb6 45. Rd2 Re7 46.
Rd7 Re5 47. Bf1 Rc5 48. Rd6+ Kg5 49. Re6 h5 50. h4+ Kh6 51. Be2 Rc1 52. Bf1 Kg7 53. Re7+ Kf6 54. Rd7 Ke5 55. Rh7 Rxc6 56. Rg7 Ke4 57. Rg8 Rc1 58. Re8+ Kd4 59. Re6 Bc7 60. Rxg6 Ke3 61. Rg5 f4 62. Rxh5 f3+ 63. Kh3 Rxf1 64. Rf5 Rh1+ 65. Kg4 f1=Q 66. h5 Qh3+ 67. Kg5 Qxh5+ 0-1

[Event "*** Titled Tuesday Blitz"]
[Site "Chess.com"]
[Date "2020.10.27"]
[Round "2"]
[White "kai_nov"]
[Black "TST2014"]
[Result "1/2-1/2"]
[WhiteElo "2296"]
[BlackElo "2490"]
[TimeControl "180+1"]
[EndTime "10:19:34 PDT"]
[Termination "Game drawn by repetition"]

1. d4 Nf6 2. c4 c5 3. d5 b5 4.
cxb5 a6 5. bxa6 Bxa6 6. Nc3 g6 7.
e4 Bxf1 8. Kxf1 d6 9. Nf3 Qc8 10.
h3 Bg7 11. Kg1 Nbd7 12. Kh2 O-O 13. Re1 Qa6 14. Kg1 Rfb8 15. Qc2 Ne8 16. Bg5 Kf8 17.
Re2 Nc7 18. Rc1 Nb5 19. Nxb5 Rxb5 20. b3 Ra5 21. a4 Qb7 22. e5 Nxe5 23. Nxe5 Bxe5 24.
f4 Bd4+ 25. Kh1 f6 26. Bh6+ Kf7 27. Qe4 Qd7 28. Rce1 R5a7 29. f5 Be5 30. Rf1 Rb7 31. Rf3 Rab8 32. Qg4 Rg8 33. Rxe5 dxe5 34. Bd2 gxf5 35.
Qh5+ Rg6 36. Qxh7+ Rg7 37. Qh5+ Kg8 38. Bh6 e6 39.
Bxg7 Qxg7 40. dxe6 f4 41. Qf5 Re7 42. Rd3 Kf8 43. Rd5 Ke8 44. Qd3 Kf8 45. Rd8+ Re8 46.
Qd6+ Qe7 47. Rxe8+ Kxe8 48. Qb8+ Qd8 49. Qb5+ Ke7 50. Qxc5+ Kxe6 51. a5 Qd1+ 52. Kh2 Qxb3 53. Qc6+ Kf5 54. a6 Qg3+ 55. Kg1 Qe3+ 56. Kh2 e4 57.
Qd5+ Kg6 58. Qg8+ Kh6 59. Qf8+ Kg5 60. Qg8+ Kf5 61. Qd5+ Kg6 62. Qg8+ Kh6 63. Qf8+ Kh7 64. Qf7+ Kh6 65. Qxf6+ Kh5 66. Qf5+ Kh6 67. Qf6+ Kh7 68. Qf7+ Kh6 69. a7 Qg3+ 70. Kg1 Qe1+ 71. Kh2 Qg3+ 72. Kg1 Qe1+ 73. Kh2 Qg3+ 1/2-1/2

[Event "*** Titled Tuesday Blitz"]
[Site "Chess.com"]
[Date "2020.10.27"]
[Round "2"]
[White "Zhani-Z"]
[Black "LiamVrolijk"]
[Result "0-1"]
[WhiteElo "2540"]
[BlackElo "2824"]
[TimeControl "180+1"]
[EndTime "10:19:40 PDT"]
[Termination "LiamVrolijk won on time"]

1. e4 g6 2. d4 Bg7 3. Nc3 d6 4. Be3 a6 5. f4 b5 6. Nf3 Bb7 7. Bd3 Nd7 8. e5 c5 9. Be4 Bxe4 10. Nxe4 cxd4 11. Bxd4 dxe5 12. fxe5 Nb6 13. e6 f6 14.
Qe2 Nh6 15. O-O-O Qc7 16. Bxb6 Qxb6 17. Rd7 Qxe6 18. Rhd1 O-O 19. Qd3 Qxa2 20. Qb3+ Qxb3 21. cxb3 Nf5 22. Kb1 Rfe8 23. Nc5 Kf7 24. Re1 Red8 25. Rxd8 Rxd8 26. Nxa6 e5 27. Nc7 b4 28. Na6 Bf8 29. Nc7 g5 30. h3 h5 31. Nb5 g4 32. hxg4 hxg4 33. Nh2 Nh6 34. Nf1 Rd5 35. Nc7 Rc5 36.
Na6 Rc6 37. Nb8 Rd6 38. Ne3 Ke6 39. Nc4 Rd3 40. Nc6 Bc5 41. N6xe5 fxe5 42. Rxe5+ Kf6 43. Rxc5 Rxb3 44. Rb5 Nf5 45. Nd2 Re3 46. Rxb4 Re2 47. Ne4+ Ke5 48. Nc3 Rxg2 49. Rb5+ Kf4 50. Rb4+ Kf3 51. Rb5 Ne3 52. Rb8 Rg1+ 53. Ka2 g3 54.
Rf8+ Kg4 55. Ne4 g2 56. Rg8+ Kf4 57. Nf6 Rc1 58. Nd5+ Nxd5 59. Rxg2 Ke4 60. Rh2 Kd4 61. Rh4+ Kc5 62. Rh5 Rd1 63. Rh4 Kb5 64. Rh5 Rd3 65. Kb1 Kc4 66. Kc1 Nb4 67. Rh4+ Kb3 68. Rh2 Na2+ 0-1

[Event "*** Titled Tuesday Blitz"]
[Site "Chess.com"]
[Date "2020.10.27"]
[Round "2"]
[White "Sanan_Sjugirov"]
[Black "GjakanTati"]
[Result "1-0"]
[WhiteElo "2932"]
[BlackElo "2602"]
[TimeControl "180+1"]
[EndTime "10:19:42 PDT"]
[Termination "Sanan_Sjugirov won by resignation"]

1. c4 e6 2. Nc3 d5 3. d4 Nf6 4. cxd5 exd5 5. Bg5 c6 6. e3 h6 7. Bh4 Qb6 8. Qc1 Ne4 9. Nxe4 dxe4 10. Ne2 Bf5 11. Nc3 Bd6 12. Be2 O-O 13. O-O Na6 14.
a3 Qb3 15. Bg3 Bxg3 16. hxg3 Nc7 17. Qd1 Qe6 18. Rc1 Rfd8 19. Na4 Qe7 20. Nc5 Nd5 21. Qb3 b6 22. Na6 Rac8 23. Nb4 Nxb4 24. axb4 Be6 25. Qa3 Rc7 26. Rc3 Rd6 27. Rfc1 Bd5 28. b5 g6 29. Bc4 Bxc4 30. Rxc4 Qf6 31. b4 h5 32. Qc3 c5 33. bxc5 bxc5 34. Rxc5 Rb7 35. Rc8+ Kg7 36. Qc5 Qe7 37. Rc6 Rd8 38. Qc4 Rdb8 39. Rc5 Qd7 40. Ra1 Rxb5 41. Rc7 Qd5 42. Qxd5 Rxd5 43. Raxa7 Rb1+ 44. Kh2 Rf5 45. Rc2 Rf1 46. Raa2 Rb5 47.
Rcb2 Rf5 48. g4 hxg4 49. Kg3 Rg1 50. Rb7 Rd5 51. Raa7 Rf5 52. Rb2 Rf1 53. Rba2 Rg1 54. Re7 Rb5 55. Rxe4 Rh1 56. Rxg4 Rhh5 57. Rf4 Rhg5+ 58.
Kf3 Rb3 59. Rg4 Rf5+ 60. Rf4 Rd5 61. g3 g5 62. Re4 Kg6 63. Re8 Rf5+ 64. Kg2 Rb7 65.
Ra6+ Kg7 66. Re5 Rxe5 67. dxe5 g4 68. Ra4 Rb5 69. Rxg4+ Kf8 70. f4 Rb3 71. Kf3 Ke7 72. Rh4 Ke6 73. Rh6+ Ke7 74. Rf6 Kf8 75. g4 Kg7 76. g5 Rb4 77. Rd6 Rb3 78. f5 1-0

[Event "*** Titled Tuesday Blitz"]
[Site "Chess.com"]
[Date "2020.10.27"]
[Round "2"]
[White "WPWPWP-2015"]
[Black "anon569"]
[Result "1-0"]
[WhiteElo "2478"]
[BlackElo "2258"]
[TimeControl "180+1"]
[EndTime "10:19:43 PDT"]
[Termination "WPWPWP-2015 won on time"]

1. e4 c5 2. Nf3 d6 3. d4 cxd4 4. Nxd4 Nf6 5. Nc3 a6 6. h3 e6 7. Be3 Qc7 8. g4 b5 9. g5 Nfd7 10. Bg2 Bb7 11. O-O Nb6 12. a4 b4 13. Nce2 d5 14. e5 Nc4 15. Bf4 Nxb2 16. Qe1 Nc4 17. Nc1 Nc6 18. Ncb3 Be7 19. Bg3 Rc8 20. Kh2 Nxd4 21.
Nxd4 Qb6 22. Nb3 Bxg5 23. f4 Bh6 24. a5 Qb5 25. Nd4 Qc5 26. Nb3 Qe7 27. Bh4 Qc7 28. Qxb4 Ne3 29. Rf2 Nxg2 30. Rxg2 Bc6 31. Rf1 g6 32. Bf6 Rg8 33. Nd4 Bf8 34. Qb6 Qxb6 35. axb6 Bc5 36. Nxc6 Rxc6 37. b7 Rb6 38. Ra1 Kd7 39.
c4 d4 40. Ra5 Kc6 41. Rga2 Rb8 42. Rxa6 Rxb7 43. Ra8 Rb2+ 44. Rxb2 Rxb2+ 45. Kg3 d3 46. Rd8 d2 47. f5 Bb4 48. fxe6 fxe6 49. Bg5 Rb3+ 50. Kf2 Rb2 51. Ke2 Ba5 52. Rd6+ Kc5 53. Be3+ Kxc4 54. Rxe6 Rb1 55. Bxd2 Rb2 56. Kf3 Rxd2 57.
Re7 Rd3+ 58. Kg4 Rd4+ 59. Kg5 Bd2+ 60. Kf6 Rh4 61. e6 Rxh3 62. Rc7+ Kb5 63. e7 Bc3+ 64. Rxc3 Rxc3 65. e8=Q+ Kb4 66. Qb8+ Kc4 67. Qe5 Kd3 68. Kg7 Rc4 69. Qg3+ Kd4 70. Qf4+ 1-0

[Event "*** Titled Tuesday Blitz"]
[Site "Chess.com"]
[Date "2020.10.27"]
[Round "2"]
[White "Infernal_XaM"]
[Black "Ginger_GM"]
[Result "1-0"]
[WhiteElo "2861"]
[BlackElo "2569"]
[TimeControl "180+1"]
[EndTime "10:19:45 PDT"]
[Termination "Infernal_XaM won by resignation"]

1. d4 e6 2. c4 f5 3. Nc3 Nf6 4. g3 Be7 5. Bg2 O-O 6. Nh3 d6 7. O-O e5 8. d5 Na6 9. a3 Nc5 10. b4 Nce4 11. Nxe4 Nxe4 12. f3 Nf6 13. Nf2 c6 14.
dxc6 bxc6 15. e4 Qb6 16. Kh1 fxe4 17. fxe4 a5 18. Qb3 Be6 19. Be3 Qa6 20. Rac1 axb4 21.
axb4 Qa3 22. Qxa3 Rxa3 23. Bd2 Ra2 24. Bg5 h6 25. Be3 Rb8 26. Nd3 Ra3 27. Rfd1 Ng4 28. Bg1 Bg5 29. Rc2 Ne3 30. Bxe3 Bxe3 31. Bf3 Bd4 32.
Kg2 Rba8 33. Nf4 Bf7 34. Ne2 c5 35. Nxd4 cxd4 36. b5 Ra2 37. Rdd2 Rxc2 38. Rxc2 Kf8 39. Be2 Ke7 40. Kf2 Kd7 41. c5 dxc5 42. Rxc5 Ra2 43. Ke1 Kd6 44. Rc6+ Kd7 45. Ra6 Rb2 46. Ra7+ Ke8 47. h4 Rb3 48. Kf2 Rb2 49. Ke1 Rb3 50.
Kd2 Rb2+ 51. Kd1 Bb3+ 52. Ke1 Rb1+ 53. Kf2 Rb2 54. Kf3 Bc2 55. Bc4 d3 56. Ke3 Rb4 57. Rc7 Kd8 58. Rc5 Kd7 59. Bxd3 Bxd3 60. Kxd3 Kd6 61. Rd5+ Ke6 62. g4 g5 63. h5 Rb1 64. Rc5 Rd1+ 65. Ke2 Rb1 66. Rc6+ Kd7 67. Rxh6 Rxb5 68. Rg6 Rb4 69. Kd3 Rb3+ 70. Kc4 Rb1 71.
Kd5 Rb5+ 72. Kc4 Ra5 73. Rxg5 Ke6 74. Rg6+ Kf7 75. Rb6 Ra1 76. g5 Rg1 77. g6+ Kg7 78.
Rb7+ Kg8 79. Kd5 Rg5 80. Rh7 Kf8 81. Ke6 Rg3 82. Kxe5 1-0

[Event "*** Titled Tuesday Blitz"]
[Site "Chess.com"]
[Date "2020.10.27"]
[Round "2"]
[White "TimurGareyev"]
[Black "Zhuu96"]
[Result "1-0"]
[WhiteElo "2621"]
[BlackElo "2876"]
[TimeControl "180+1"]
[EndTime "10:19:49 PDT"]
[Termination "TimurGareyev won by resignation"]

1. d4 Nf6 2. Bg5 e6 3. Nd2 d5 4.
e3 c5 5. c3 Nc6 6. f4 Qb6 7.
Rb1 Be7 8. Ngf3 Ng4 9. Bxe7 Nxe7 10. e4 Ne3 11. Qe2 cxd4 12. Nxd4 Nxf1 13. Rxf1 O-O 14. e5 Bd7 15. Kf2 Nf5 16. Nf3 a6 17. Rfe1 Rac8 18.
Qd2 Ne7 19. Kg1 Qc5 20. h3 b5 21. Kh2 a5 22. a3 Qb6 23. Qe3 Kh8 24. b4 axb4 25.
axb4 Rc7 26. Nb3 Qxe3 27. Rxe3 Ra8 28. Nfd4 Ng6 29. Nc5 Kg8 30. Rf1 Be8 31. f5 exf5 32. Nxf5 Rca7 33. Nd6 Re7 34. Rfe1 Rd8 35. Nf5 Ra7 36.
e6 fxe6 37. Nxe6 Rb8 38. Nexg7 Bd7 39. Ne6 Bxe6 40. Rxe6 Rc7 41. R1e3 Rf8 42. Nd4 Rf2 43. Nxb5 Rg7 44. Re8+ Kf7 45. Kg1 Rxg2+ 46. Kxg2 Ne7+ 47. Rg3 Rxg3+ 48. Kxg3 Kxe8 49. Kf4 Kd7 50. Ke5 Ng6+ 51. Kf5 Kc6 52. Nd4+ Kd6 53. Nf3 Ne7+ 54. Kg5 Ng8 55.
h4 Kc6 56. Nd4+ Kd6 57. Nf5+ Kc6 58. h5 Kb5 59. Nd4+ Kc4 60. b5 Kc5 61. Kf5 Kd6 62. b6 Nh6+ 63. Kf6 Ng4+ 64. Kg7 h6 65. Kg6 Kd7 66.
Nf5 Kc6 67. Nxh6 Ne5+ 68. Kf5 Nd7 69. Nf7 Kxb6 70. Ne5 Nf8 71. h6 Kc5 72. Nd7+ Nxd7 73. h7 1-0